 Dungeon Crawl Stone Soup version 0.13.0-19-g8e0b589 (webtiles) character file.

10517 4tharraofdagon the Cleaver (level 11, 77/81 (85) HPs)
             Began as a Demonspawn Berserker on Oct 24, 2013.
             Was an Elder of Trog.
             Quit the game on Level 6 of the Dungeon.
             The game lasted 00:31:02 (5104 turns).

4tharraofdagon the Cleaver (Demonspawn Berserker)   Turns: 5104, Time: 00:31:03

HP  77/81 (85)   AC 19     Str 21      XL: 11   Next: 32%
MP  18/18        EV  8     Int  8      God: Trog [****..]
Gold 356         SH  0     Dex 13      Spells:  0 memorised, 10 levels left

Res.Fire  : . . .   See Invis. : .   H - -1,+2 orc battleaxe
Res.Cold  : . . .   Warding    : .   I - +1 orc plate armour
Life Prot.: . . .   Conserve   : .   (no shield)
Res.Poison: .       Res.Corr.  : .   i - +0 helmet
Res.Elec. : .       Clarity    : .   (no cloak)
Sust.Abil.: . .     Spirit.Shd : .   (no gloves)
Res.Mut.  : .       Stasis     : .   (no boots)
Res.Rott. : .       Flight     : .   (no amulet)
Saprovore : + . .                    o - +3 ring of protection
                                     d - +2 ring of evasion

@: somewhat resistant to hostile enchantments, extremely unstealthy
A: claws 2, nightstalker 3, saprovore 1
a: Burn Spellbooks, Berserk, Trog's Hand, Brothers in Arms, Renounce Religion


You were on level 6 of the Dungeon.
You worshipped Trog.
Trog was greatly pleased with you.
You were hungry.

You visited 1 branch of the dungeon, and saw 12 of its levels.

You collected 336 gold pieces.

Inventory:

Hand weapons
 a - a +0,+0 hand axe {=f}
 e - a +0,+0 hand axe
 l - a -1,+0 orcish dagger
 t - a +0,+0 orcish hand axe
 H - a -1,+2 orcish battleaxe (weapon)
 J - a -2,+0 orcish battleaxe
 L - a +0,+0 orcish battleaxe
Missiles
 k - 3 javelins (quivered)
Armour
 b - a +0 animal skin
 g - a +0 ring mail
 i - a +0 helmet (worn)
 E - a cursed +0 dwarven ring mail
 I - a +1 orcish plate armour (worn)
Magical devices
 q - a wand of cold (0)
 s - a wand of confusion (7)
 v - a wand of paralysis (2)
 B - a wand of draining (4)
 M - a wand of lightning (0)
 O - a wand of flame (12)
Comestibles
 c - 2 bread rations
 z - 2 meat rations
 Q - an apple
Scrolls
 h - 3 scrolls of curse jewellery
 j - 4 scrolls of identify
 m - 5 scrolls of teleportation
 n - 6 scrolls of enchant armour
 r - a scroll of random uselessness
 x - a scroll of blinking
 y - a scroll of immolation
Jewellery
 d - a +2 ring of evasion (left claw)
 f - a cursed +1 ring of strength
 o - a +3 ring of protection (right claw)
Potions
 u - a potion of berserk rage
 A - a potion of slowing
 D - a potion of agility
 F - a potion of poison
 N - a potion of restore abilities
 P - 2 potions of heal wounds
Books
 C - a book of Ice

   Spells                             Type                      Level
   Freezing Aura                      Charms/Ice                   2
   Ensorcelled Hibernation            Hexes/Ice                    2
   Ozocubu's Refrigeration            Ice                          6
   Bolt of Cold                       Conjuration/Ice              6
   Freezing Cloud                     Conjuration/Ice/Air          6
   Metabolic Englaciation             Hexes/Ice                    6
   Simulacrum                         Ice/Necromancy               6
   Trog disapproves of the use of such an item.
Magical staves
 w - an uncursed staff of energy {unknown}
Miscellaneous
 G - a crystal ball of energy
 K - a plain deck of war


   Skills:
 + Level 9.0 Fighting
 * Level 11.5 Axes
 + Level 8.3 Armour
 - Level 1.7 Dodging
 + Level 4.6 Evocations


You had 10 spell levels left.
You didn't know any spells.

Dungeon Overview and Level Annotations

Branches:
Dungeon (12/27)            Temple (0/1) D:6            Lair (0/8) D:8
    Orc: D:6-11

Altars:
Ashenzari
Elyvilon
Makhleb

Shops:
D:8 =   D:11 }


Innate Abilities, Weirdness & Mutations

You have very sharp fingernails.
You are completely attuned to the shadows.
You can tolerate rotten meat.


Message History

There is a stone staircase leading up here.
You can't go up here!
There is a stone staircase leading up here.
You climb upwards.
Found a scroll of curse jewellery.
There is a stone staircase leading down here.
Unknown command.
Found 10 gold pieces.
You see here a scroll of curse jewellery.
You feel sick.
You now have 356 gold pieces (gained 10).
You feel sick.
You feel better.
There is an escape hatch in the ceiling here.
There are no items here.
Unknown command.
A mysterious force pulls you upwards. The hatch slams shut behind you.
Unknown command.
Unknown command.
Are you sure you want to abandon this character and quit the game? (Confirm with "yes".)

#.........#....#........##..
#.........#....#........##..
#...........................
#.#.#######..........######.
#...........................
#.#.####....................
###................##.......
#............#...##.......
#.%......@.......##.......
##................##.......
#.................###......
#..........................
#..........................
####...(..........#...........
...................#...........
#.##............###...........
# #............# #...........


There were no monsters in sight!

Vanquished Creatures
  Harold (D:11)
  3 hill giants
  Erolcha (D:11)
  A human (D:8)
  A feature mimic (D:9)
  A troll (D:11)
  Prince Ribbit (D:8)
  5 ugly things (D:10)
  2 hippogriffs
  Eustachio (D:10)
  7 yaks
  A manticore (D:9)
  A wraith (D:11)
  A steam dragon (D:11)
  3 sky beasts
  A necrophage (D:9)
  A black bear (D:10)
  4 ice beasts
  3 phantoms
  4 orc warriors
  9 centaurs
  4 giant frogs
  A water moccasin (D:11)
  Blork the orc (D:8)
  A komodo dragon zombie (D:11)
  5 killer bees
  A wyvern skeleton (D:11)
  8 hounds
  A centaur zombie (D:5)
  3 crimson imps
  A giant frog skeleton (D:8)
  4 orc priests
  A centaur skeleton (D:6)
  3 iguanas
  2 scorpions
  13 orc wizards
  3 worker ants
  A sky beast zombie (D:9)
  An ogre skeleton (D:7)
  A hound skeleton (D:9)
  A mummy (D:10)
  4 adders
  A worker ant zombie (D:8)
  An inept feature mimic (D:5)
  A giant mite (D:5)
  A worm (D:4)
  An ufetubus (D:10)
  An adder skeleton (D:6)
  A giant eyeball (D:8)
  29 orcs
  6 bats
  7 goblins
  8 hobgoblins
  5 jackals
  A quokka (D:11)
  A giant gecko (D:1)
  3 giant newts
  A hobgoblin skeleton (D:5)
  8 kobolds
  An orc skeleton (D:9)
  6 rats
195 creatures vanquished.

Vanquished Creatures (collateral kills)
  A crimson imp (D:9)
1 creature vanquished.

Grand Total: 196 creatures vanquished

Notes
Turn   | Place    | Note
--------------------------------------------------------------
     0 | D:1      | 4tharraofdagon, the Demonspawn Berserker, began the quest for the Orb.
     0 | D:1      | Reached XP level 1. HP: 18/18 MP: 0/0
   108 | D:1      | Gained mutation: You have sharp fingernails. [demonic ancestry]
   108 | D:1      | Reached XP level 2. HP: 14/24 MP: 1/1
   255 | D:2      | Gained mutation: You are slightly more attuned to the shadows. [demonic ancestry]
   255 | D:2      | Reached XP level 3. HP: 30/30 MP: 2/2
   389 | D:3      | Acquired Trog's second power
   469 | D:4      | Reached skill level 4 in Axes
   469 | D:4      | Gained mutation: You have very sharp fingernails. [demonic ancestry]
   469 | D:4      | Reached XP level 4. HP: 32/36 MP: 3/3
   577 | D:5      | Entered Level 5 of the Dungeon
   652 | D:4      | Reached XP level 5. HP: 42/42 MP: 4/4
   730 | D:5      | Found a staircase to the Ecumenical Temple.
   847 | D:5      | the staircase to the Ecumenical Temple was a mimic.
   966 | D:6      | Noticed a sky beast
   974 | D:6      | Reached skill level 5 in Axes
   985 | D:6      | 4tharraofdagon: lol
   985 | D:6      | 4tharraofdagon: 10
   986 | D:6      | 4tharraofdagon: 11
   987 | D:6      | 4tharraofdagon: 12
   990 | D:6      | Killed a sky beast
   990 | D:6      | Reached XP level 6. HP: 47/49 MP: 5/5
  1011 | D:6      | Daniel: it has magical repulsive field
  1017 | D:6      | Daniel: lol
  1095 | D:6      | Gained mutation: You are significantly more attuned to the shadows. [demonic ancestry]
  1095 | D:6      | Reached XP level 7. HP: 46/54 MP: 6/6
  1293 | D:8      | Found Noev's Jewellery Boutique.
  1329 | D:8      | Daniel: regen
  1335 | D:8      | Daniel: nice
  1361 | D:8      | Reached skill level 6 in Axes
  1387 | D:8      | Paralysed by a giant eyeball for 4 turns
  1412 | D:8      | Daniel: what mut you got so far?
  1416 | D:8      | 4tharraofdagon: this
  1416 | D:8      | Daniel: meh
  1416 | D:8      | Daniel: :/
  1416 | D:8      | 4tharraofdagon: :(
  1508 | D:9      | 4tharraofdagon: shadows is so horribl
  1517 | D:9      | Daniel: yeah
  1532 | D:9      | Daniel: its a complete waste if you are not a stabber
  1532 | D:9      | 4tharraofdagon: i will never find stairs
  1532 | D:9      | 4tharraofdagon: ..
  1636 | D:9      | Found a burning altar of Makhleb.
  1643 | D:9      | Reached skill level 5 in Fighting
  1757 | D:9      | Reached XP level 8. HP: 49/58 MP: 7/7
  1787 | D:10     | Entered Level 10 of the Dungeon
  1809 | D:10     | Noticed Eustachio
  1821 | D:10     | Killed Eustachio
  1821 | D:10     | Reached skill level 7 in Axes
  1940 | D:10     | Reached skill level 5 in Armour
  1981 | D:11     | Noticed a hill giant
  2009 | D:11     | Killed a hill giant
  2009 | D:11     | Reached skill level 8 in Axes
  2009 | D:11     | Reached XP level 9. HP: 38/64 MP: 8/8
  2161 | D:11     | Found Twir's Gadget Boutique.
  2187 | D:11     | Noticed Erolcha
  2187 | D:11     | Noticed a hill giant
  2199 | D:11     | Killed a hill giant
  2199 | D:11     | Reached skill level 9 in Axes
  2205 | D:11     | Killed Erolcha
  2322 | D:11     | Gained mutation: You can tolerate rotten meat. [demonic ancestry]
  2322 | D:11     | Reached XP level 10. HP: 33/73 MP: 9/9
  2453 | D:10     | Reached skill level 10 in Axes
  2750 | D:11     | Noticed Harold
  2775 | D:11     | Killed Harold
  2775 | D:11     | Reached skill level 1 in Evocations
  2906 | D:10     | Paralysed by you for 5 turns
  3122 | D:8      | Found a shattered altar of Ashenzari.
  3200 | D:8      | Noticed Prince Ribbit
  3232 | D:8      | Killed Prince Ribbit
  3380 | D:8      | 4tharraofdagon: ofc
  3511 | D:6      | Noticed an ice beast
  3562 | D:6      | Found a staircase to the Ecumenical Temple.
  3567 | D:6      | Killed an ice beast
  3567 | D:6      | Reached skill level 11 in Axes
  3925 | D:8      | Noticed a human
  3926 | D:8      | Noticed Blork the orc
  3935 | D:8      | Killed Blork the orc
  3949 | D:8      | Killed a human
  4052 | D:8      | 4tharraofdagon: on 5k i quit
  4195 | D:11     | Noticed a troll
  4200 | D:11     | Gained mutation: You are completely attuned to the shadows. [demonic ancestry]
  4200 | D:11     | Reached XP level 11. HP: 80/80 MP: 16/16
  4202 | D:11     | Killed a troll
  4208 | D:11     | Daniel: should have done it right when you got the attuned mut :D
  4370 | D:10     | Acquired Trog's third power
  4396 | D:10     | Noticed a hill giant
  4402 | D:10     | Killed a hill giant
  4723 | D:9      | Found a white marble altar of Elyvilon.
  5008 | D:8      | Found a staircase to the Lair.
  5016 | D:8      | 4tharraofdagon: fuck
  5104 | D:6      | Quit the game

Action                   |  1- 3 |  4- 6 |  7- 9 | 10-12 || total
-------------------------+-------+-------+-------+-------++-------
Melee: Hand axe          |    75 |   137 |   277 |    50 ||   539
       Battleaxe         |       |       |       |   292 ||   292
Invok: Berserk           |     3 |     4 |    11 |     9 ||    27
       Trog's Hand       |       |     1 |    15 |    15 ||    31
Evoke: Wand              |       |       |     5 |     7 ||    12
  Use: Potion            |       |     1 |     3 |       ||     4
       Scroll            |       |       |       |    16 ||    16
 Stab: Sleeping          |       |       |     3 |       ||     3
